 Dungeon Crawl Stone Soup version 0.22-a0-21-g9421e3f (webtiles) character file.

38849 zxkuqyb the Cleaver (level 14, -1/138 HPs)
             Began as a Gargoyle Berserker on Jan 2, 2018.
             Was the Champion of Trog.
             Slain by a redback (4 damage)
             ... on level 6 of the Lair of Beasts.
             The game lasted 00:59:13 (17157 turns).

zxkuqyb the Cleaver (Gargoyle Berserker)           Turns: 17157, Time: 00:59:13

Health: -1/138     AC: 27    Str: 26    XL:     14   Next: 3%
Magic:  4/4        EV:  2    Int:  8    God:    Trog [******]
Gold:   1408       SH:  0    Dex:  9    Spells: 13/13 levels left

rFire    . . .     SeeInvis .   n - +6 broad axe (antimagic)
rCold    . . .     Gourm    .   (no shield)
rNeg     + + +     Faith    .   (armour currently unavailable)
rPois    ∞         Spirit   .   (helmet currently unavailable)
rElec    .         Reflect  .   (cloak currently unavailable)
rCorr    .         Harm     .   (gloves currently unavailable)
MR       +....     NoTele   +   (boots currently unavailable)
Stlth    +.........             (no amulet)
HPRegen  0.33/turn              (no ring)
MPRegen  0.09/turn              (no ring)

@: tree-form, berserk cooldown, slowed, very slow
A: negative energy resistance 1, petrification resistance, rot immunity, AC +10
a: Berserk, Trog's Hand, Brothers in Arms, Burn Spellbooks, Renounce Religion


You were on level 6 of the Lair of Beasts.
You worshipped Trog.
Trog was exalted by your worship.
You were hungry.
You were a tree.
You visited 4 branches of the dungeon, and saw 17 of its levels.
You also visited: Ossuary.

You collected 1555 gold pieces.
You spent 147 gold pieces at shops.

Inventory:

Hand Weapons
 b - a +0 war axe of electrocution
 i - a +3 executioner's axe of freezing
 n - a +6 antimagic broad axe (weapon)
 A - a +1 whip of freezing
 N - a +2 battleaxe of holy wrath
Armour
 w - a +0 chain mail (melded)
 E - a +1 pair of gloves of dexterity (melded)
 F - a +0 cloak (melded)
 G - a +2 buckler
 K - the +1 leather armour of Going Fast {Int+2}
   (You found it on level 1 of the Lair of Beasts)

   It affects your intelligence (+2).
 L - the +2 robe of Analysis {rF+ rC+, unknown}
   (You found it on level 6 of the Lair of Beasts)

   It protects you from fire.
   It protects you from cold.
Wands
 p - a wand of acid (16)
 s - a wand of paralysis (11)
 B - a wand of enslavement (9)
 H - a wand of polymorph (21)
 P - a wand of random effects (29)
Scrolls
 d - 2 scrolls of immolation
 e - 2 scrolls of enchant armour
 f - 4 scrolls of magic mapping
 k - a scroll of fear
 t - 6 scrolls of teleportation
 x - a scroll of fog
 y - 11 scrolls of remove curse
 C - 4 scrolls of amnesia {unknown}
 M - a scroll of summoning {unknown}
 Q - a scroll of silence {unknown}
Potions
 g - a potion of curing
 h - 2 potions of berserk rage
 j - a potion of ambrosia
 l - a potion of invisibility
 m - 7 potions of lignification
 o - 2 potions of flight
 q - 2 potions of mutation
 u - 3 potions of agility
 v - a potion of cancellation
 z - 2 potions of magic
 D - 5 potions of haste
 I - 4 potions of might
 J - 2 potions of brilliance
Comestibles
 a - 5 chunks of flesh
 c - 25 rations


   Skills:
 + Level 12.1 Fighting
 * Level 13.7 Axes
 + Level 11.8 Armour
 + Level 9.3 Dodging


You had 13 spell levels left.
You didn't know any spells.

Dungeon Overview and Level Annotations

Branches:
Dungeon (9/15)             Temple (1/1) D:5            Lair (6/6) D:9
  Swamp (0/4) Lair:3       Spider (1/4) Lair:4
  Slime: Lair:5-6       Orc: D:9-12

Altars:
Ashenzari
Cheibriados
Dithmenos
Elyvilon
Fedhas
Gozag
Hepliaklqana
Kikubaaqudgha
Makhleb
Nemelex Xobeh
Okawaru
Qazlal
Ru
Sif Muna
Trog
Uskayaw
Vehumet
Wu Jian
Xom
Yredelemnul
Zin
The Shining One

Shops:
D:7 *

Annotations:
Lair:3 exclusion: 4 oklob plants


Innate Abilities, Weirdness & Mutations

You are resistant to torment.
((Your stone body is resilient. (AC +10)))
You are immune to poison.
((Your large and strong wings let you fly indefinitely.))
You resist negative energy. (rN+)
((You are resistant to electric shocks. (rElec)))
((You can survive without breathing.))
You are immune to petrification.
You are immune to rotting.


Message History

You feel invigorated. The blink frog hits you.
* * * LOW HITPOINT WARNING * * *
The blink frog blinks!
The redback bites you!
* * * LOW HITPOINT WARNING * * *
The redback barely misses you.
You feel less invigorated.
You feel less confused.
The redback bites you but does no damage.
The redback bites you.
* * * LOW HITPOINT WARNING * * *
The blink frog blinks!
You hit the redback.
The redback is heavily wounded.
The redback bites you but does no damage. x2
The blink frog hits you but does no damage.
Unknown command.
You slash the redback!
The redback is almost dead.
You closely miss the blink frog. The redback bites you.
You die...

P.PP..#...†...P##
.....##....##...#
.....#....###..##
....##...##.....##
....#...##...P...####
#..##....PP.#...#
#..##...........##
#.##.....###....##
....###..F♣...#
?.###....†§s#.#
###.....†††.###
..........##
......(.....
##.....###...# ###...
....# ###. ...#.# ##
...# #


You could see a blink frog and a redback.

Vanquished Creatures
  Rupert (Lair:3)
  5 hydras
  5 death yaks
  Pikel (D:4)
  A wolf spider (Lair:6)
  The ghost of Vibarexel the Quickloader, a novice KoHu (D:5)
  6 black mambas
  A torpor snail (Lair:2)
  7 spiny frogs
  13 rime drakes
  6 komodo dragons
  A slime creature (Lair:6)
  Prince Ribbit (D:6)
  12 blink frogs
  A hornet (Lair:6)
  A polar bear (Lair:5)
  6 hippogriffs
  5 wyverns
  A redback (Lair:6)
  A wraith (Ossuary)
  A basilisk (Lair:3)
  44 yaks
  6 steam dragons
  An acid dragon (Lair:2)
  Duvessa (D:7)
  7 porcupines
  17 water moccasins
  3 black bears (D:9)
  4 orc warriors
  2 sky beasts
  An ice beast (D:8)
  A slave (D:4)
  5 wolves (Lair:6)
  A centaur (D:9)
  10 crocodiles
  13 bullfrogs
  2 scorpions
  Dowan (D:7)
  A howler monkey (D:6)
  2 vampire bats (D:5)
  2 bullfrog zombies
  A centaur zombie (D:5)
  4 crimson imps
  3 hounds
  2 jellies
  21 orc wizards
  Crazy Yiuf (D:4)
  A centaur skeleton (D:6)
  9 orc priests
  3 iguanas
  A statue (D:6)
  2 hound skeletons
  A mummy (Ossuary)
  A howler monkey zombie (D:7)
  A worker ant zombie (D:9)
  4 gnolls (D:5)
  10 adders
  3 shadow imps
  2 oozes (D:1)
  An adder zombie (D:8)
  2 worms
  A dart slug (D:1)
  5 leopard geckos
  49 orcs
  3 bats
  4 bat skeletons
  3 bat zombies (D:5)
  8 giant cockroaches
  5 goblins
  5 hobgoblins
  31 jackals
  7 kobolds
  A quokka (D:3)
  4 frilled lizards
  5 gnoll skeletons (Ossuary)
  2 jackal skeletons
  5 kobold skeletons (Ossuary)
  2 leopard gecko skeletons
  15 orc skeletons (Ossuary)
  14 rats
  2 butterflies
  9 fungi
  8 plants
462 creatures vanquished.

Vanquished Creatures (others)
  An orc (D:4)
  A bush (Lair:6)
  30 fungi
  26 plants
58 creatures vanquished.

Grand Total: 520 creatures vanquished

Notes
Turn   | Place    | Note
-------+----------+-------------------------------------------
     0 | D:1      | zxkuqyb the Gargoyle Berserker began the quest for the Orb.
     0 | D:1      | Reached XP level 1. HP: 14/14 MP: 1/1
   307 | D:1      | Reached XP level 2. HP: 14/19 MP: 2/2
   310 | D:1      | Reached skill level 3 in Axes
   434 | D:1      | Reached XP level 3. HP: 18/23 MP: 3/3
   801 | D:1      | Reached ** piety under Trog
   999 | D:2      | Reached XP level 4. HP: 29/29 MP: 4/4
  1782 | D:2      | Reached XP level 5. HP: 31/33 MP: 5/5
  2439 | D:3      | Reached skill level 4 in Axes
  2823 | D:4      | Noticed a slave
  2824 | D:4      | Noticed a slave
  2851 | D:3      | Reached *** piety under Trog
  2851 | D:3      | Reached XP level 6. HP: 28/39 MP: 6/6
  2970 | D:4      | Killed a slave
  3476 | D:4      | Noticed Pikel
  3478 | D:4      | Noticed a slave
  3513 | D:4      | Killed Pikel
  3513 | D:4      | Reached skill level 5 in Fighting
  3513 | D:4      | Reached skill level 5 in Axes
  3513 | D:4      | Reached XP level 7. HP: 44/44 MP: 7/7
  3531 | D:4      | Found a blossoming altar of Fedhas.
  3573 | D:4      | Reached XP level 8. HP: 40/49 MP: 8/8
  3689 | D:4      | Found a stormy altar of Qazlal.
  4312 | D:4      | Noticed a moth of wrath
  4314 | D:4      | Found a bloodstained altar of Trog.
  4340 | D:4      | Got a jewelled hunting sling
  4480 | D:4      | Found a runed door.
  4484 | D:4      | Noticed Crazy Yiuf
  4492 | D:4      | Killed Crazy Yiuf
  4540 | D:5      | Entered Level 5 of the Dungeon
  4567 | D:5      | Found an ancient bone altar of Kikubaaqudgha.
  4571 | D:5      | Reached skill level 6 in Axes
  4571 | D:5      | Reached skill level 5 in Armour
  4631 | D:5      | Found an ornate altar of the Wu Jian Council.
  4743 | D:5      | Noticed Vibarexel's ghost (novice KoHu)
  4770 | D:5      | Killed Vibarexel's ghost
  4770 | D:5      | Reached **** piety under Trog
  4838 | D:5      | Found a deep blue altar of Sif Muna.
  4933 | D:5      | Found a sand-covered staircase.
  4942 | Ossuary  | Entered an ossuary
  4942 | Ossuary  | Noticed a wraith
  4942 | Ossuary  | Noticed a wraith
  4942 | Ossuary  | Noticed a wraith
  5045 | Ossuary  | Noticed a wraith
  5055 | Ossuary  | Killed a wraith
  5055 | Ossuary  | Reached skill level 7 in Axes
  5055 | Ossuary  | Reached XP level 9. HP: 50/56 MP: 9/9
  5641 | D:5      | Found a staircase to the Ecumenical Temple.
  5647 | Temple   | Entered the Ecumenical Temple
  5889 | D:6      | Reached ***** piety under Trog
  6106 | D:6      | Found an iron altar of Okawaru.
  6134 | D:6      | Noticed Prince Ribbit
  6234 | D:6      | Killed Prince Ribbit
  6790 | D:6      | Found a radiant altar of Vehumet.
  6922 | D:7      | Found a glowing silver altar of Zin.
  6952 | D:7      | Noticed Dowan
  6953 | D:7      | Noticed Duvessa
  6957 | D:7      | Killed Dowan
  6957 | D:7      | Reached skill level 5 in Dodging
  6960 | D:7      | Killed Duvessa
  6960 | D:7      | Reached skill level 8 in Axes
  7269 | D:7      | Found Zuageucw's Assorted Antiques.
  7281 | D:7      | Bought a potion of heal wounds for 105 gold pieces
  7281 | D:7      | Bought a scroll of identify for 42 gold pieces
  7331 | D:7      | Found a hazy altar of Hepliaklqana.
  7331 | D:7      | Found a basalt altar of Yredelemnul.
  7469 | D:8      | Reached XP level 10. HP: 35/63 MP: 10/10
  7658 | D:8      | Found a sparkling altar of Nemelex Xobeh.
  8180 | D:9      | Reached skill level 9 in Axes
  8234 | D:9      | Found a staircase to the Lair.
  8602 | D:9      | Reached ****** piety under Trog
  8686 | D:9      | Reached XP level 11. HP: 56/69 MP: 11/11
  8698 | D:9      | Reached skill level 10 in Axes
  8945 | D:9      | Received a gift from Trog
  9334 | Lair:1   | Entered Level 1 of the Lair of Beasts
  9713 | Lair:1   | Got a slimy leather armour
  9725 | Lair:1   | Identified the +1 leather armour of Going Fast {Int+2} (You found it on level 1 of the Lair of Beasts)
 10517 | Lair:2   | Noticed a seven-headed hydra
 10555 | Lair:2   | Killed a seven-headed hydra
 10828 | Lair:2   | Reached skill level 11 in Axes
 11071 | Lair:2   | Reached XP level 12. HP: 65/77 MP: 12/12
 11072 | Lair:2   | Reached skill level 10 in Fighting
 11628 | Lair:2   | Received a gift from Trog
 11761 | Lair:2   | Reached skill level 10 in Armour
 12203 | Lair:2   | Noticed a death yak
 12210 | Lair:2   | Killed a death yak
 12556 | Lair:2   | Reached skill level 12 in Axes
 13397 | Lair:3   | Noticed a four-headed hydra
 13424 | Lair:2   | Killed a four-headed hydra
 13615 | Lair:3   | Found a staircase to the Swamp.
 13653 | Lair:3   | Noticed an eight-headed hydra
 13663 | Lair:3   | Killed an eight-headed hydra
 13663 | Lair:3   | Reached XP level 13. HP: 84/84 MP: 4/13
 13841 | Lair:3   | Noticed Rupert
 13869 | Lair:3   | Killed Rupert
 15211 | Lair:4   | Found a hole to the Spider Nest.
 15219 | Spider:1 | Entered Level 1 of the Spider Nest
 15618 | Lair:5   | Reached skill level 13 in Axes
 16235 | Lair:6   | Entered Level 6 of the Lair of Beasts
 16326 | Lair:6   | Got a heavy robe
 16587 | Lair:5   | Identified the +8 hunting sling "Demonslayer" {freeze, rF- MR+ Str+3} (You found it on level 4 of the Dungeon)
 17148 | Lair:6   | Gained mutation: Your large and strong wings let you fly indefinitely. [Gargoyle growth]
 17148 | Lair:6   | Reached XP level 14. HP: 17/92 MP: 4/14
 17154 | Lair:6   | HP: 1/138 [redback (10)]
 17157 | Lair:6   | Slain by a redback

Vault maps used:
D:1:      lightli_iron_boxes
D:2:      serial_undead, serial_undead_b, serial_undead_c, serial_undead_c,
          serial_undead_a, serial_undead_b, serial_undead_b
D:4:      old_standard_altar, tgw_trog, serial_park_tiny_1, grunt_qazlal_clouds,
          uniq_crazy_yiuf_cottage, uniq_pikel
D:5:      led_sif_pool, old_standard_altar, kennysheep_vampire_church,
          minmay_temple_entry_enclosed_plants, first_ration,
          nicolae_ossuary_entry_monument, abandoned_shop, chequers_big_river,
          wad_floor_pattern_untrapped
D:6:      vehumet_statue, okawaru_gym_becter, uniq_prince_ribbit1
D:7:      zin_academy, nicolae_overflow_hidden_temple, serial_shops,
          nicolae_shop_crystal, minmay_misc_feat_chi, uniq_duvessa
D:8:      grunt_pizzeria, nemelex_xobeh_ov_fountains_minmay
D:9:      due_lair_maze_entry_diamond
Temple:   nicolae_temple_x_marks_the_god
Lair:2:   bobbens_dragon_lair_wall
Lair:3:   swamp_mist, lemuel_fruit_tree, minmay_lair_oklob_chamber, uniq_rupert
Lair:4:   spider_nest_entry_web_field, st_stairs_7, infiniplex_staircase_pool,
          lemuel_fruit_fields, lemuel_fruit_fields
Lair:6:   hangedman_lair_tendril_chambers, minmay_slime_entry_pillars,
          lemuel_fruit_fields
Spider:1: hangedman_spider_mandibles
Ossuary:  ossuary_due_mausoleum

Skill      XL: |  1  2  3  4  5  6  7  8  9 10 11 12 13 |
---------------+----------------------------------------+-----
Axes           | 3 4 5 7 8 9 11 12 13 | 13.7
Dodging        | 2 3 4 5 6 7 8 9 |  9.3
Armour         | 3 4 5 7 8 9 10 11 | 11.8
Fighting       | 4 5 6 7 8 9 11 12 | 12.1

Action                   |  1- 3 |  4- 6 |  7- 9 | 10-12 | 13-15 || total
-------------------------+-------+-------+-------+-------+-------++-------
Melee: Hand axe          |   103 |   238 |   198 |       |       ||   539
       War axe           |       |       |   224 |   417 |       ||   641
       Whip              |       |       |       |    30 |    35 ||    65
       Executioner's axe |       |       |       |     6 |       ||     6
       Broad axe         |       |       |       |   129 |   247 ||   376
Invok: Berserk           |     1 |     1 |     7 |     4 |     5 ||    18
       Trog's Hand       |       |       |     1 |       |       ||     1
Evoke: Wand              |       |       |       |       |    11 ||    11
  Use: Scroll            |     1 |       |    15 |     2 |     6 ||    24
       Potion            |       |       |     2 |     1 |     3 ||     6
  Eat: Chunk             |     1 |     7 |    13 |    13 |     6 ||    40
       Ration            |       |     1 |     2 |     3 |     3 ||     9
Armor: Animal skin       |    33 |    59 |       |       |       ||    92
       Chain mail        |       |    18 |   327 |   312 |   229 ||   886
       Leather armour    |       |       |       |    33 |       ||    33
       Skin              |       |       |       |       |     8 ||     8
Dodge: Dodged            |    74 |   169 |   262 |   386 |   218 ||  1109

Table legend:
 A = Spawn XP
 B = Non-spawn XP
 C = Spawn XP percentage of total XP
 D = Spawn monster count
 E = Non-spawn monster count
 F = Spawn count percentage of total count
 G = Total turns spent on level
                    A         B        C        D         E        F      G
               +---------+---------+-------+---------+---------+-------+---------
         Total |       0 |   55499 |   0.0 |       0 |     442 |   0.0 | 17157
               +---------+---------+-------+---------+---------+-------+---------
           D:1 |       0 |      58 |   0.0 |       0 |      26 |   0.0 |   935
           D:2 |       0 |     109 |   0.0 |       0 |      19 |   0.0 |   903
           D:3 |       0 |     110 |   0.0 |       0 |      20 |   0.0 |   956
           D:4 |       0 |    1090 |   0.0 |       0 |      35 |   0.0 |  1746
           D:5 |       0 |     916 |   0.0 |       0 |      25 |   0.0 |  1047
           D:6 |       0 |    1177 |   0.0 |       0 |      35 |   0.0 |  1053
           D:7 |       0 |     714 |   0.0 |       0 |      27 |   0.0 |   515
           D:8 |       0 |     677 |   0.0 |       0 |      17 |   0.0 |   712
           D:9 |       0 |    5761 |   0.0 |       0 |      62 |   0.0 |  1213
        Lair:1 |       0 |    3911 |   0.0 |       0 |      15 |   0.0 |  1820
        Lair:2 |       0 |   14862 |   0.0 |       0 |      50 |   0.0 |  2270
        Lair:3 |       0 |    8036 |   0.0 |       0 |      23 |   0.0 |  1540
        Lair:4 |       0 |    1224 |   0.0 |       0 |       7 |   0.0 |   600
        Lair:5 |       0 |    1656 |   0.0 |       0 |       7 |   0.0 |  1121
        Lair:6 |       0 |   14938 |   0.0 |       0 |      47 |   0.0 |   423
       Ossuary |       0 |     260 |   0.0 |       0 |      27 |   0.0 |   186
               +---------+---------+-------+---------+---------+-------+---------
